 Dungeon Crawl Stone Soup version 0.21-a0-155-gb8a8bae (webtiles) character file.

474 qqqbard the Shield-Bearer (level 6, -6/57 HPs)
             Began as a Deep Dwarf Fighter on Aug 3, 2017.
             Was a Follower of Makhleb.
             Blown up by a great orb of eyes (14 damage)
             ... with a disintegration bolt
             ... while paralysed by a great orb of eyes
             ... on level 2 of the Abyss.
             The game lasted 00:05:11 (2499 turns).

qqqbard the Shield-Bearer (Deep Dwarf Fighter)      Turns: 2499, Time: 00:05:11

Health: -6/57      AC: 13    Str: 26    XL:     6   Next: 84%
Magic:  3/4        EV:  2    Int:  8    God:    Makhleb [*.....]
Gold:   113        SH:  0    Dex: 12    Spells: 5/5 levels left

rFire    . . .     SeeInvis .   a - +0 long sword
rCold    . . .     Gourm    .   c - +0 shield
rNeg     . . .     Faith    .   p - +0 chain mail
rPois    .         Spirit   .   q - +0 helmet
rElec    .         Reflect  .   t - +0 cloak
rCorr    .         Harm     .   (no gloves)
MR       .....                  x - +0 pair of boots
Stlth    ..........             (no amulet)
HPRegen  0.00/turn              l - +4 ring of strength
MPRegen  0.09/turn              (no ring)

@: paralysed, lethally poisoned (-6 -> -6), non-regenerating
A: damage resistance, heal wounds, sense surroundings 1, no regeneration
a: Heal Wounds, Renounce Religion


You were on level 2 of the Abyss.
You worshipped Makhleb.
Makhleb was aware of your devotion.
You were not hungry.

You visited 1 branch of the dungeon, and saw 3 of its levels.
You visited the Abyss 1 time.

You collected 113 gold pieces.

Inventory:

Hand Weapons
 a - a +0 long sword (weapon)
Armour
 c - a +0 shield (worn)
 p - a +0 chain mail (worn)
 q - a +0 helmet (worn)
 t - a +0 cloak (worn)
 x - a +0 pair of boots (worn)
Jewellery
 l - a +4 ring of strength (left hand)
Scrolls
 g - a scroll of noise {unknown}
 h - a scroll of magic mapping {unknown}
 i - a scroll of identify {unknown}
 n - a scroll of remove curse
 r - 2 scrolls of immolation {unknown}
 s - a scroll of amnesia {unknown}
 v - a scroll of recharging {unknown}
Potions
 b - a potion of haste {unknown}
 d - a potion of might
 e - 2 potions of magic {unknown}
 j - 4 potions of curing {unknown}
 k - a potion of lignification {unknown}
 m - a potion of flight {unknown}
 w - a potion of invisibility {unknown}
Comestibles
 f - a bread ration
 u - 4 fruits


   Skills:
 + Level 3.8 Fighting
 * Level 4.4 Long Blades
 + Level 4.5 Armour
 + Level 2.9 Dodging
 + Level 4.6 Shields


You had 5 spell levels left.
You didn't know any spells.

Dungeon Overview and Level Annotations

Branches:
Dungeon (3/15)

Altars:
Dithmenos
Makhleb
Zin

Annotations:
D:3 Crazy Yiuf


Innate Abilities, Weirdness & Mutations

You are resistant to damage.
You can heal yourself by infusing magical energy.
You passively map a small area around you.
You do not regenerate.


Message History

The orange demon stings you but does no damage. x2
You feel less confused. Something hits you!
Deactivating autopickup; reactivate with Ctrl-A.
Something hits you but does no damage. The great orb of eyes bites you.
The orange demon stings you but does no damage.
The sky beast hits you but does no damage.
A yaktaur appears out of thin air!
Reactivating autopickup.
The great orb of eyes bites you.
* * * LOW HITPOINT WARNING * * *
The orange demon stings you from afar.
* * * LOW HITPOINT WARNING * * *
You are poisoned.
The orange demon poisons you!
The sky beast hits you but does no damage.
You feel sick. The great orb of eyes gazes at you.
You are blasted!
You die...

...#.. .......
##.#...#. #. #
####..##....###. .##..
. .###....#
#...#..###.# .#...
.......#..##8###8###
.........#8...8....###
..##. #.#...Y.$...##.
#. #.#..(4G@c.#..#
..#.##.........##. .
#.##8...8...8.#. #.
#...##8#.#8##.# ..#.
####.## # .. .. ...
..(. ### #..


You could see a great orb of eyes, an orange demon, a yaktaur and a sky beast.

Vanquished Creatures
  2 gnoll sergeants (D:3)
  A small abomination (Abyss:2)
  Natasha (thrice) (D:3)
  Terence (D:3)
  7 gnolls (D:3)
  5 adders
  An ooze (D:3)
  A worm (D:2)
  4 dart slugs
  4 giant cockroaches
  6 hobgoblins
  7 jackals (D:2)
  A quokka (D:3)
  A ball python (D:3)
  6 bats
  3 frilled lizards
  10 goblins
  5 kobolds
  8 rats
  A fungus (D:3)
77 creatures vanquished.

Notes
Turn   | Place    | Note
-------+----------+-------------------------------------------
     0 | D:1      | qqqbard the Deep Dwarf Fighter began the quest for the Orb.
     0 | D:1      | Reached XP level 1. HP: 20/20 MP: 1/1
   162 | D:1      | Reached XP level 2. HP: 24/27 MP: 2/2
   489 | D:2      | Found a burning altar of Makhleb.
   498 | D:2      | Became a worshipper of Makhleb the Destroyer
   589 | D:2      | Found a shadowy altar of Dithmenos.
   801 | D:2      | Reached skill level 1 in Dodging
   801 | D:2      | Reached XP level 3. HP: 28/34 MP: 3/3
  1223 | D:2      | Found a glowing silver altar of Zin.
  1360 | D:3      | Reached XP level 4. HP: 17/42 MP: 4/4
  1513 | D:3      | Noticed Natasha
  1525 | D:3      | Killed Natasha
  1529 | D:3      | Reached * piety under Makhleb
  1540 | D:3      | Noticed Natasha
  1553 | D:3      | Killed Natasha
  1594 | D:3      | Noticed Natasha
  1600 | D:3      | Killed Natasha
  1600 | D:3      | Reached XP level 5. HP: 33/49 MP: 4/4
  1763 | D:3      | Reached XP level 6. HP: 38/56 MP: 5/5
  1882 | D:3      | Noticed Terence
  1890 | D:3      | Killed Terence
  2408 | D:3      | Found a runed door.
  2412 | D:3      | Noticed Crazy Yiuf
  2423 | D:3      | Cast into level 2 of the Abyss (Crazy Yiuf)
  2459 | Abyss:2  | Noticed a great orb of eyes
  2459 | Abyss:2  | Noticed an orange demon
  2487 | Abyss:2  | Noticed a sky beast
  2494 | Abyss:2  | Paralysed by a great orb of eyes for 6 turns
  2498 | Abyss:2  | Noticed a yaktaur
  2499 | Abyss:2  | Blown up by a great orb of eyes

Vault maps used:
D:1:      dpeg_arrival_stonehenge_8_columns, serial_forest,
          infiniplex_forest_straight_4, infiniplex_forest_clump_small,
          infiniplex_forest_clump_small, infiniplex_forest_lined_1,
          infiniplex_forest_straight_1, infiniplex_forest_corner_2,
          infiniplex_forest_split, infiniplex_forest_straight_2
D:2:      bloody_makhleb, lemuel_doored_altar, nicolae_overflow_hidden_temple
D:3:      grunt_ministairs_13, uniq_terence, uniq_crazy_yiuf_cottage,
          uniq_natasha
Abyss:2:  minivault_28

Skill      XL: |  1  2  3  4  5  6 |
---------------+-------------------+-----
Fighting       | 3 |  3.8
Dodging        | 1 2 |  2.9
Long Blades    | 3 4 |  4.4
Shields        | 4 |  4.6
Armour         | 4 |  4.5

Action                   |  1- 3 |  4- 6 || total
-------------------------+-------+-------++-------
Melee: Long sword        |   129 |   190 ||   319
 Abil: Heal Wounds       |       |     3 ||     3
  Use: Scroll            |       |     2 ||     2
  Eat: Chunk             |     2 |     4 ||     6
Armor: Scale mail        |    63 |       ||    63
       Chain mail        |     2 |    86 ||    88
Dodge: Dodged            |    54 |    47 ||   101
Block: Shield            |    78 |   111 ||   189
       Rpst.: Long sword |    16 |    14 ||    30
